 Dungeon Crawl Stone Soup version 0.29-a0-43-g62a80824bf (webtiles) character file.

Game seed: 13606726808149545699

40 lmSkywalker the Caller (level 3, 0/24 HPs)
             Began as a Merfolk Summoner on Feb 3, 2022.
             Slain by Sigmund (11 damage)
             ... on level 2 of the Dungeon.
             The game lasted 00:05:57 (2396 turns).

lmSkywalker the Caller (Merfolk Summoner)           Turns: 2396, Time: 00:05:57

Health: 0/24       AC:  3    Str:  8    XL:     3   Next: 50%
Magic:  5/7        EV: 12    Int: 16    God:
Gold:   49         SH:  0    Dex: 14    Spells: 4/7 levels left

rFire   . . .      SeeInvis .   g - +1 short sword (venom)
rCold   . . .      Faith    .   (no shield)
rNeg    . . .      Spirit   .   d - +0 leather armour
rPois   .          Reflect  .   (no helmet)
rElec   .          Harm     .   (no cloak)
rCorr   .          Rampage  .   (no gloves)
Will    .....                   (no boots)
Stlth   ++........              (no amulet)
HPRegen 0.08/turn               (no ring)
MPRegen 0.10/turn               (no ring)

@: hasted, very quick
A: (nimble swimmer 2), mertail
a: no special abilities


You were on level 2 of the Dungeon.
You visited 1 branch of the dungeon, and saw 2 of its levels.

You collected 49 gold pieces.

Inventory:

Hand Weapons
 f - a +3 dagger
 g - a +1 short sword of venom (weapon)
Armour
 d - a +0 leather armour (worn)
Scrolls
 c - a scroll of teleportation {unknown}
 e - 2 scrolls of amnesia {unknown}
 h - a scroll of identify {unknown}
Potions
 b - a potion of cancellation {unknown}


   Skills:
 - Level 2.6 Dodging
 - Level 2.1 Stealth
 + Level 2.8 Spellcasting
 + Level 4.6 Summonings


You had 4 spell levels left.
You knew the following spells:

 Your Spells              Type           Power      Damage    Failure   Level
a - Summon Small Mammal   Summ           68%        N/A       4%          1
b - Call Imp              Summ           17%        N/A       6%          2

Your spell library contained the following spells:

 Spells                   Type           Power      Damage    Failure   Level
 Call Canine Familiar     Summ           17%        N/A       12%         3
 Summon Guardian Golem    Hex/Summ       9%         N/A       32%         3
 Summon Lightning Spire   Summ/Air       9%         N/A       71%         4


Dungeon Overview and Level Annotations

Branches:
Dungeon (2/15)

Altars:

Annotations:
D:2 Sigmund


Innate Abilities, Weirdness & Mutations

((You are very nimble when in or above water. (Stealth+, EV+, Speed+++)))
Your lower body shifts to a powerful aquatic tail in water.


Message History

The rat dies!
No target in view!
No target in view!
h - a scroll labelled SOISA VONWAME Your crimson imp disappears in a puff of smoke!
Magic restored.
Found a stone staircase leading down.
There is a stone staircase leading down here.
Found a quarterstaff.
You now have 49 gold pieces (gained 7).
As you open the door, it creaks loudly!
Sigmund the Dreaded comes into view.
He is wielding a +0 scythe.
Sigmund shouts!
Found 6 gold pieces.
It was a potion of haste.
You feel yourself speed up.
Sigmund hits you from afar with a +0 scythe.
Casting: Call Imp (safe; 6% risk of failure)
Confirm with . or Enter, or press ? or * to list all spells.
A beastly little devil appears in a puff of flame.
Sigmund hits you with a +0 scythe.
There is an open door here.
You barely miss Sigmund. Sigmund barely misses you.
You closely miss Sigmund. You hit Sigmund.
Sigmund is lightly wounded.
Your crimson imp hits Sigmund.
Sigmund hits you with a +0 scythe.
You barely miss Sigmund.
Sigmund is lightly wounded.
Your crimson imp hits Sigmund but does no damage.
You hit Sigmund but do no damage.
Sigmund is poisoned.
Sigmund is lightly wounded.
Your crimson imp hits Sigmund.
Sigmund closely misses you.
You hit Sigmund.
Sigmund is moderately wounded.
You hit Sigmund.
Sigmund looks as sick as possible!
Sigmund is heavily wounded.
Your crimson imp hits Sigmund but does no damage.
Sigmund hits you with a +0 scythe!
You die...

#...##.#.# #.
#...##...# #.
#...##.#.. #.
#...##.#..
#.####........#.
#.#....#.####+
## #.#.####.#
...###.#5####.#
.......@@.....#
#...##....$..##
# #.......#
#.......####
#.....####.+
####### #.# #.#
#.# ######.#


You could see Sigmund (extremely poisoned, ally target) and a friendly crimson
imp (summoned).

Vanquished Creatures
  A worm (D:2)
  A dart slug (D:1)
  3 ball pythons
  An endoplasm (D:1)
  A giant cockroach (D:1)
  2 goblins (D:1)
  4 hobgoblins (D:1)
  A jackal (D:1)
  4 frilled lizards (D:1)
  A kobold (D:1)
  3 rats (D:1)
22 creatures vanquished.

Vanquished Creatures (collateral kills)
  A dart slug (D:1)
  A ball python (D:1)
  An endoplasm (D:1)
  2 hobgoblins (D:1)
  A jackal (D:1)
  3 kobolds (D:1)
  A rat (D:2)
10 creatures vanquished.

Vanquished Creatures (others)
  A plant (D:1)
  4 toadstools (D:1)
5 creatures vanquished.

Grand Total: 37 creatures vanquished

Notes
Turn   | Place    | Note
-------+----------+-------------------------------------------
     0 | D:1      | lmSkywalker the Merfolk Summoner began the quest for the
                  | Orb.
     0 | D:1      | Reached XP level 1. HP: 13/13 MP: 3/3
    68 | D:1      | Reached XP level 2. HP: 2/19 MP: 1/5
   348 | D:1      | Learned a level 2 spell: Call Imp
   375 | D:1      | Found a faded altar of an unknown god.
  1230 | D:1      | Reached XP level 3. HP: 24/24 MP: 2/6
  2209 | D:2      | Noticed a necrophage
  2385 | D:2      | Noticed Sigmund
  2396 | D:2      | Slain by Sigmund

Illustrated notes

Levels and vault maps discovered:
D:1:      ldierk_walled_garden_2, layout_basic,
          hellmonk_ecumenical_altar_arch_garden, patterned_corridor
D:2:      layout_basic, uniq_terence, uniq_sigmund

Action                   || total
-------------------------++-------
Melee: Unarmed           ||    20
       Punch             ||     2
       Whip              ||    40
       Club              ||     6
       Dagger            ||    27
       Short sword       ||    10
 Cast: Summon Small Mamm ||    20
       Call Imp          ||    10
  Use: Potion            ||     1
 Stab: Sleeping          ||     1
Armor: Robe              ||     2
       Leather armour    ||    14
Dodge: Dodged            ||    78

Table legend: (Time is in decaauts)
 A = Elapsed time spent in this place.
 B = Non-inter-level travel time spent in this place.
 C = Inter-level travel time spent in this place.
 D = Time resting spent in this place.
 E = Time spent auto-exploring this place.
 F = Levels seen in this place.
 G = Mean time per level.
                   A        B        C        D        E       F      G
               +--------+--------+--------+--------+--------+-----+--------+
         Total |   2392 |   2258 |    134 |    276 |   1428 |   2 | 1196.0 |
       Dungeon |   2392 |   2258 |    134 |    276 |   1428 |   2 | 1196.0 |
               +--------+--------+--------+--------+--------+-----+--------+

Top non-repeatable levels by time:
     D:1: 2084 daAuts
     D:2: 308 daAuts
